 Dungeon Crawl Stone Soup version 0.18-a0-1626-g65af6d3 (webtiles) character file.

1649 namelastname112 the Carver (level 8, 16/71 HPs)
             Began as a Purple Draconian Chaos Knight on Mar 24, 2016.
             Quit the game on level 6 of the Dungeon.
             The game lasted 00:09:20 (6031 turns).

namelastname112 the Carver (DrCK)                   Turns: 6031, Time: 00:09:21

Health: 16/71      AC:  7    Str: 15    XL:     8   Next: 67%
Magic:  4/8        EV: 14    Int:  8    God:    Xom [....*.]
Gold:   243        SH:  0    Dex: 11    Spells: 0 memorised, 7 levels left

rFire  . . .     SeeInvis .     C - +1 scimitar (curse)
rCold  . . .     Gourm    .     (armour unavailable)
rNeg   . . .     Faith    .     (no shield)
rPois  +         Spirit   +     d - +0 hat
rElec  .         Dismiss  .     (no cloak)
rCorr  .         Reflect  .     D - +0 pair of gloves
SustAt .         Harm     .     (no boots)
MR     +....                    u - amulet of guardian spirit
Stlth  ..........               x - ring of poison resistance
                                c - ring of loudness (curse)

@: somewhat resistant to hostile enchantments, extremely unstealthy
A: breathe power, unfitting armour, clumsy 1, dopey 2, cold-blooded, subdued
magic 1, AC +6
a: Breathe Dispelling Energy, Renounce Religion


You were on level 6 of the Dungeon.
You worshipped Xom.
You were a beloved toy of Xom.
You were very hungry.

You visited 1 branch of the dungeon, and saw 6 of its levels.
You also visited: Sewer.

You collected 243 gold pieces.

Inventory:

Hand Weapons
 C - a cursed +1 scimitar (weapon)
Missiles
 p - 2 throwing nets (quivered)
Armour
 d - a +0 hat (worn)
 D - a +0 pair of gloves (worn)
Jewellery
 c - a cursed ring of loudness (left hand)
 f - an uncursed ring of ice
 u - an amulet of guardian spirit (around neck)
 x - a ring of poison resistance (right hand)
 z - an uncursed ring of fire
Wands
 y - a wand of paralysis (5/24)
Scrolls
 e - 7 scrolls of teleportation {unknown}
 h - a scroll of immolation {unknown}
 i - 2 scrolls of remove curse {unknown}
 k - 2 scrolls of fear {unknown}
 m - 2 scrolls of enchant weapon {unknown}
 s - a scroll of magic mapping {unknown}
 t - 6 scrolls of identify {unknown}
 v - 2 scrolls of amnesia {unknown}
Potions
 g - a potion of lignification
 j - 2 potions of resistance {unknown}
 l - a potion of ambrosia {unknown}
 n - a potion of flight {unknown}
 o - a potion of agility {unknown}
 q - a potion of cancellation {unknown}
 r - 4 potions of brilliance {unknown}
 w - a potion of curing {unknown}
 E - a potion of might {unknown}
Comestibles
 a - a meat ration
 b - a bread ration
 A - 22 fruits
 B - a slice of pizza


   Skills:
 + Level 6.6 Fighting
 * Level 8.6 Long Blades
 + Level 5.4 Dodging


You had 7 spell levels left.
You didn't know any spells.

Dungeon Overview and Level Annotations

Branches:
Dungeon (6/15)             Temple (0/1) D:4

Altars:
Fedhas
Gozag
Makhleb
Pakellas
Sif Muna
Vehumet
Zin


Innate Abilities, Weirdness & Mutations

You can breathe bolts of dispelling energy.
Your rich purple scales are hard (AC +6).
Your body does not fit into most forms of armour.
You are cold-blooded and may be slowed by cold attacks.
You are clumsy. (Dex -2)
You are very dopey. (Int -4)
Your spells are a little easier to cast, but a little less powerful.


Message History

You are too injured to fight recklessly!
You are too injured to fight recklessly!
You are too injured to fight recklessly!
You are too injured to fight recklessly!
You are too injured to fight recklessly!
You are too injured to fight recklessly!
You are too injured to fight recklessly!
You are too injured to fight recklessly!
You are too injured to fight recklessly!
You are too injured to fight recklessly!
You are too injured to fight recklessly!
You are too injured to fight recklessly!
You are too injured to fight recklessly!
You barely miss the giant frog.
The giant frog is heavily wounded.
The giant frog hits you!
* * * LOW HITPOINT WARNING * * *
You slash the giant frog!
You kill the giant frog!
Are you sure you want to abandon this character and quit the game? (Confirm with "yes".)

#..........##
#.....#.....#
#..####+###)# #..#
#.## #### #..####
#...#.. #......
####################
#......
§.§...§.......§§@..#
#......
####################
#...... #......
#>..#.. #.##### #.


There were no monsters in sight!

Vanquished Creatures
  The ghost of Galewind the Conjurer, an amateur DECj (D:3)
  A black bear (D:6)
  Purgy (Sewer)
  2 centaurs (D:6)
  An ogre (D:5)
  2 giant frogs (D:6)
  2 scorpions (D:6)
  4 wights (D:6)
  A howler monkey (D:4)
  A crimson imp (D:6)
  2 giant frog zombies
  A jelly (D:6)
  2 orc priests
  A hound (D:6)
  A gnoll shaman (D:4)
  2 iguanas
  2 orc wizards
  3 worker ants
  3 gnolls (D:4)
  6 adders
  2 oozes
  An adder skeleton (D:6)
  A worm (D:3)
  3 dart slugs
  6 giant geckos
  11 orcs
  4 ball pythons
  9 giant cockroaches
  4 hobgoblins
  5 jackals
  A quokka (D:5)
  6 bats
  3 giant newts
  6 goblins
  8 kobolds
  A quokka skeleton (D:5)
  9 rats
119 creatures vanquished.

Vanquished Creatures (collateral kills)
  A water moccasin (D:6)
  An iguana (D:6)
  A giant gecko (D:4)
  A kobold (shapeshifter) (D:4)
4 creatures vanquished.

Grand Total: 123 creatures vanquished

Notes
Turn   | Place    | Note
--------------------------------------------------------------
     0 | D:1      | namelastname112 the Draconian Chaos Knight began the quest for the Orb.
     0 | D:1      | Reached XP level 1. HP: 19/19 MP: 1/1
    65 | D:1      | XOM: divination: detect items
    78 | D:1      | XOM: harmless Air miscast
   141 | D:1      | Reached XP level 2. HP: 13/26 MP: 2/2
   198 | D:1      | XOM: divination: magic mapping
   223 | D:1      | XOM: divination: magic mapping
   498 | D:1      | XOM: divination: detect creatures
   678 | D:2      | Reached XP level 3. HP: 22/31 MP: 3/3
   735 | D:2      | XOM: harmless Hex miscast
   898 | D:2      | Reached skill level 4 in Long Blades
  1033 | D:2      | Found an opulent altar of Gozag.
  1053 | D:2      | Found a faded altar to an unknown god.
  1384 | D:3      | XOM: divination: detect creatures
  1419 | D:3      | Reached XP level 4. HP: 36/40 MP: 4/4
  1493 | D:3      | XOM: potion effect (might)
  1496 | D:3      | XOM: divination: magic mapping
  1558 | D:3      | Noticed Galewind's ghost (amateur DECj)
  1558 | D:3      | XOM: potion effect (invisibility)
  1570 | D:3      | Killed Galewind's ghost
  1570 | D:3      | Reached skill level 5 in Long Blades
  1570 | D:3      | Reached XP level 5. HP: 26/46 MP: 5/5
  1792 | D:3      | Found a glowing drain.
  1804 | Sewer    | Entered a sewer
  1910 | Sewer    | Noticed Purgy
  1913 | Sewer    | XOM: silly message
  1915 | Sewer    | XOM: silly message
  1923 | Sewer    | Killed Purgy
  1923 | Sewer    | Reached XP level 6. HP: 15/53 MP: 6/6
  2135 | D:3      | XOM is BORED!
  2135 | D:3      | XOM: enchant monster (bad)
  2654 | D:4      | XOM is BORED!
  2654 | D:4      | XOM: give mutation
  2654 | D:4      | Gained mutation: Your spells are a little easier to cast, but a little less powerful. [Xom's mischief]
  2790 | D:4      | XOM: divination: magic mapping
  2806 | D:4      | Found a staircase to the Ecumenical Temple.
  2866 | D:4      | Found a radiant altar of Vehumet.
  3052 | D:4      | XOM: 8-stop teleportation journey
  3358 | D:4      | XOM: polymorph something unseen -> hell rat
  3359 | D:4      | XOM: cast spell 'Shadow Creatures'
  3377 | D:4      | Reached skill level 6 in Long Blades
  3511 | D:4      | XOM: give mutations
  3511 | D:4      | Gained mutation: You are clumsy. (Dex -2) [Xom's mischief]
  3511 | D:4      | Gained mutation: You are dopey. (Int -2) [Xom's mischief]
  3511 | D:4      | Gained mutation: You are very dopey. (Int -4) [Xom's mischief]
  3781 | D:4      | XOM: god gift: glowing centaur barding {god gift}
  3886 | D:4      | XOM: confuse monster(s)
  3887 | D:4      | XOM: god gift: knobbly golden ring {god gift}
  3936 | D:4      | XOM: swap monsters
  4092 | D:5      | Entered Level 5 of the Dungeon
  4093 | D:5      | XOM: cast spell 'Summon Butterflies'
  4094 | D:5      | XOM: summons 2 friendly demons
  4097 | D:5      | Reached skill level 5 in Fighting
  4097 | D:5      | Your scales start taking on a rich purple colour.
  4097 | D:5      | Reached XP level 7. HP: 59/61 MP: 7/7
  4375 | D:5      | XOM: cast spell 'Spider Form'
  4405 | D:5      | XOM: 1-stop teleportation journey
  4479 | D:5      | XOM: harmless Pois miscast
  4984 | D:6      | XOM: cast spell 'Summon Ice Beast'
  5001 | D:6      | Reached skill level 7 in Long Blades
  5135 | D:6      | XOM: potion effect (brilliance)
  5145 | D:6      | XOM: enchant monster (good)
  5153 | D:6      | Found a deep blue altar of Sif Muna.
  5163 | D:6      | Reached XP level 8. HP: 23/70 MP: 3/8
  5234 | D:6      | Found an oddly glowing altar of Pakellas.
  5235 | D:6      | Found a glowing silver altar of Zin.
  5237 | D:6      | XOM: smoke on damage
  5240 | D:6      | XOM: fake destruction
  5253 | D:6      | XOM: cast spell 'Necromutation'
  5254 | D:6      | XOM: fog
  5262 | D:6      | XOM: cast spell 'Call Canine Familiar'
  5442 | D:6      | Found a blossoming altar of Fedhas.
  5499 | D:6      | XOM: confuse monster(s)
  5500 | D:6      | XOM: harmless Pois miscast
  5501 | D:6      | XOM: enchant monster (bad)
  5528 | D:6      | Reached skill level 5 in Dodging
  5537 | D:6      | Reached skill level 8 in Long Blades
  5748 | D:6      | XOM: confusion (+ monsters)
  5753 | D:6      | XOM: blink monster(s)
  5927 | D:6      | Found a burning altar of Makhleb.
  5927 | D:6      | Noticed an Executioner
  5945 | D:6      | XOM: divination: magic mapping
  5959 | D:6      | XOM: harmless Divn miscast
  5989 | D:6      | XOM: colour smoke trail
  5994 | D:6      | XOM: harmless Tloc miscast
  6023 | D:6      | XOM: blink monster(s)
  6031 | D:6      | Quit the game

Vault maps used:
D:1:      eino_arrival_cavern_e
D:2:      serial_forest, infiniplex_forest_clump_double,
          infiniplex_forest_straight_4, infiniplex_forest_lined_3_way,
          infiniplex_forest_lined_2, infiniplex_forest_clump_large,
          infiniplex_forest_lined_corner, infiniplex_forest_clump_diagonal,
          ecumenical_altar_1, nicolae_gozag_seed_capital
D:3:      portal_sewer_entry_e, minmay_tree_intersection
D:4:      nicolae_overflow_crystal_walls, minmay_temple_entry_purple_smoke,
          first_bread
D:5:      dk_vineyard_1
D:6:      makhleb_altar_promises_db, grunt_temple_overflow_open,
          nrook_pool_corridor
Sewer:    kennysheep_door_sewer

Skill      XL: |  1  2  3  4  5  6  7  8 |
---------------+-------------------------+-----
Long Blades    | 4 5 6 7 8 |  8.6
Fighting       | 4 5 6 |  6.6
Dodging        | 3 4 5 |  5.4

Action                   |  1- 3 |  4- 6 |  7- 9 || total
-------------------------+-------+-------+-------++-------
Melee: Falchion          |   104 |   156 |   103 ||   363
       Scimitar          |       |       |    94 ||    94
Throw: Throwing net      |       |     1 |       ||     1
  Use: Potion            |       |     1 |       ||     1
 Stab: Invisible         |       |     2 |       ||     2
       Confused          |       |     3 |       ||     3
       Paralysed         |       |     2 |       ||     2
       Petrifying        |       |       |     2 ||     2
       Petrified         |       |       |     1 ||     1
  Eat: Chunk             |       |     6 |     5 ||    11
       Bread ration      |       |     1 |       ||     1
